AoeStats
← mayisupreme

Arena

508422157Analyzed
1v1 RM · 9d ago on Sep 22, 2026· 26m 1s· 2 players
Game mode
Random Map
Map size
Tiny (2 player)
Population
200
Speed
Normal
Resources
Standard
Victory
Conquest
Starting age
Dark Age
Ending age
Imperial Age
RankedLock teamsTeams togetherTeam positionsShared explorationLock speedFull tech treeHidden civsTurbo modeCheats
Victory
Defeat
🇹🇼 Sicilians · Taiwan
814
+15
🇭🇺 Franks · Hungary
793
-15
oxo
0:33 Loom
10:24 Feudal Age
11:01 Double-Bit Axe
11:13 Gold Mining
18:38 Castle Age
17:12 Man-at-Arms
19:54 Bow Saw
20:27 Gambesons
20:03 Long Swordsman
21:22 Gold Shaft Mining
mayisupreme
1:48 Loom
10:42 Feudal Age
11:19 Double-Bit Axe
19:09 Castle Age
17:54 Fletching
18:55 Scale Mail Armor
20:23 Gambesons
20:39 Squires
22:11 Horse Collar
Connection lost

Rejoining the realm…

Still unreachable

The connection could not be restored.

Session expired

The server has moved on; the page needs a fresh start.